 Dungeon Crawl Stone Soup version 0.32-a0-975-g85d4e5bfdb (webtiles) character file.

Game seed: 10830048998124724608

639 Autsider the Sneak (level 7, -1/52 HPs)
             Began as a Vine Stalker Warper on Apr 18, 2024.
             Was an Initiate of Okawaru.
             Succumbed to a scorpion's poison
             ... on level 4 of the Dungeon.
             The game lasted 00:15:25 (5458 turns).

Autsider the Sneak (Vine Stalker Warper)            Turns: 5458, Time: 00:15:25

Health: -1/52      AC: 23    Str: 13    XL:     7   Next: 50%
Magic:  9/14       EV:  2    Int: 13    God:    Okawaru [......]
Gold:   239        SH:  0    Dex: 16    Spells: 14/14 levels left

rFire   . . .        a - +0 short sword
rCold   . . .        (no shield)
rNeg    . . .        b - melded +0 leather armour
rPois   +            v - melded +0 helmet
rElec   .            (cloak currently unavailable)
rCorr   .            (gloves currently unavailable)
SInv    .            o - melded +0 pair of boots
Will    .....        (no amulet)
Stlth   +++          (no ring)
HPRegen 1.08/turn    (no ring)
MPRegen 0.14/turn

%: guardian spirit
@: lethally poisoned (-1 -> -10), tree-form, hasted, very quick
A: stationary, stasis, torment immunity, boosted hp, (fangs 2), regeneration 1,
magic shield, (antimagic bite), no potion heal 2
a: Renounce Religion


You were on level 4 of the Dungeon.
You worshipped Okawaru.
Okawaru was noncommittal.
You were a tree.
You visited 1 branch of the dungeon, and saw 6 of its levels.

You collected 252 gold pieces.
You spent 13 gold pieces at shops.

Inventory:

Hand Weapons
 a - a +0 short sword (weapon)
 y - a +0 dagger of speed
 C - a +0 rapier
Missiles
 d - 6 darts of dispersal (quivered)
 e - 3 poisoned darts
Armour
 b - a +0 leather armour (melded)
 o - a +0 pair of boots (melded)
 v - a +0 helmet (melded)
 x - the +2 robe "Pyrchaown" {rN+ Dex+8 Slay-5}
   (You found it on level 5 of the Dungeon)

   Dex+8:     It affects your dexterity (+8).
   Slay-5:    It affects your accuracy & damage with ranged weapons and melee
   (-5).
   rN+:       It protects you from negative energy.
Jewellery
 A - a +4 ring of protection
Scrolls
 f - 5 scrolls of identify {unknown}
 k - 2 scrolls of immolation {unknown}
 n - a scroll of poison {unknown}
 p - 2 scrolls of butterflies {unknown}
 q - a scroll of torment {unknown}
 s - 2 scrolls of enchant weapon {unknown}
 z - 2 scrolls of fear {unknown}
 B - a scroll of silence {unknown}
Potions
 g - 2 potions of enlightenment {unknown}
 h - 2 potions of haste
 j - a potion of ambrosia {unknown}
 l - 2 potions of degeneration
 m - 2 potions of curing {unknown}
 r - 4 potions of lignification
 t - 2 potions of cancellation {unknown}
 u - a potion of resistance {unknown}
 w - a potion of attraction {unknown}


   Skills:
 - Level 2.0 Fighting
 + Level 4.4 Short Blades
 - Level 0.8 Throwing
 - Level 0.7 Armour
 - Level 2.0 Dodging
 + Level 5.6 Stealth
 - Level 4.0 Spellcasting
 - Level 4.0 Translocations


You had 14 spell levels left.
You didn't know any spells.
Your spell library contained the following spells:

 Spells                   Type           Power      Damage    Failure   Level
 Blink                    Tloc           26%        N/A       6%          2
 Lesser Beckoning         Tloc           26%        N/A       6%          2
 Maxwell's Portable Pile  Tloc           13%        2d(6-17)  12%         3
 Teleport Other           Tloc           13%        N/A       12%         3
 Vhi's Electric Charge    Tloc/Air       14%        N/A       65%         4


Dungeon Overview and Level Annotations

Branches:
Dungeon (6/15)
 Temple: D:4-7

Altars:
Okawaru
Trog

Shops:
D:1 :([![

Annotations:
D:4 1 exclusion
D:5 2 transporters, 1 exclusion


Innate Abilities, Weirdness & Mutations

You are a tree.
Your roots penetrate the ground, keeping you stationary.
You cannot be teleported.
You are immune to unholy pain and torment.
Your maximum health is greatly increased.
Your equipment is partially melded.
((You have extremely sharp teeth.))
Your natural rate of healing is unusually fast.
When hurt, damage is shared between your health and your magic reserves.
((Your bite disrupts and absorbs the magic of your enemies.))
Potions cannot restore your health.


Message History

The scorpion is lightly wounded.
You feel sick. The scorpion stings you.
You are more poisoned.
The scorpion poisons you!
You hit the scorpion but do no damage.
The scorpion is lightly wounded.
You feel very sick.
The scorpion stings you but does no damage.
You hit the scorpion.
The scorpion is lightly wounded.
You feel very sick. The scorpion stings you.
* * * LOW HITPOINT WARNING * * *
You are more poisoned.
The scorpion poisons you!
As you read the scroll of teleportation {@r2}, it crumbles to dust.
You feel strangely unstable.
* * * LOW HITPOINT WARNING * * *
You feel very sick.
The scorpion stings you but does no damage.
* * * LOW HITPOINT WARNING * * *
You feel very sick. The scorpion attacks as it pursues you!
The scorpion stings you.
* * * LOW HITPOINT WARNING * * *
You are lethally poisoned!
The scorpion poisons you!
Blink to where?
Press: ? - help, Dir - move target
As you read the scroll of blinking, it crumbles to dust.
* * * LOW HITPOINT WARNING * * *
You feel very sick.
It was a potion of lignification.
You turn into a tree.
Your +0 helmet melds into your body.
Your +0 pair of boots melds into your body.
Your +0 leather armour melds into your body.
Your roots penetrate the ground.
You feel strangely stable.
* * * LOW HITPOINT WARNING * * *
You feel very sick.
It was a potion of haste.
You feel yourself speed up.
You die...

#.# #.#########...........
#.# #.#########..........#
#.# #.#.......#...<......#
#.# #.#.#####.##.........#
#.# #.#.# #.##.........# #.#
#.#.#####.##.######### #.#
#.#.#...).##.##....... #.#
#.#.#.######....###### #.#
#....♣....[)...## # #.#
#.###.#####[...# #
#.######.#..........#.# #
#.##.....#.#........#.##### #
#................##.#.....# #
####.#####......###.#.###.###
#.#......s...............#
#.#.#####....###.#.####.##
######.#.# #....# #.#........


You could see a scorpion.

Vanquished Creatures
  A bullfrog (D:6)
  A scorpion (D:5)
  A bombardier beetle (D:3)
  3 orc priests (D:5)
  2 hounds
  7 orc wizards
  7 adders
  A ribbon worm (D:2)
  5 dart slugs
  13 orcs
  4 bats
  6 endoplasms
  3 giant cockroaches
  2 goblins
  5 hobgoblins
  4 jackals (D:3)
  3 quokkas
  10 ball pythons
  5 frilled lizards
  4 kobolds
  7 rats
94 creatures vanquished.

Notes
Turn   | Place    | Note
-------+----------+-------------------------------------------
     0 | D:1      | Autsider the Vine Stalker Warper began the quest for the
                  | Orb.
     0 | D:1      | Reached XP level 1. HP: 11/11 MP: 4/4
   418 | D:1      | Found Jihuod Ruada's Antique Armour Shoppe.
   425 | D:1      | Reached XP level 2. HP: 15/15 MP: 6/6
   515 | D:1      | Found Ototzeof's Weapon Shop.
   585 | D:1      | Found Beon's Distillery.
   598 | D:1      | Reached skill level 1 in Stealth
   600 | D:1      | Bought a potion of degeneration for 13 gold pieces
   613 | D:1      | Found Marphida's Book Shoppe.
   722 | D:1      | Found Deasubao's Armour Emporium.
  1048 | D:1      | Reached XP level 3. HP: 14/18 MP: 3/7
  1195 | D:2      | Found a bloodstained altar of Trog.
  1493 | D:2      | Reached XP level 4. HP: 23/23 MP: 9/9
  2011 | D:3      | Reached skill level 2 in Stealth
  2330 | D:3      | You fall into a shaft and drop 2 floors!
  2330 | D:5      | Entered Level 5 of the Dungeon
  2351 | D:5      | Found a transporter.
  2394 | D:6      | Noticed a bullfrog
  2397 | D:5      | Noticed a scorpion
  2547 | D:5      | Identified the +2 robe "Pyrchaown" {rN+ Dex+8 Slay-5}
  2771 | D:5      | Reached XP level 5. HP: 24/26 MP: 7/10
  3013 | D:3      | HP: 1/26 [burnt (6)]
  3710 | D:4      | Reached skill level 3 in Stealth
  3727 | D:4      | Reached XP level 6. HP: 30/30 MP: 9/12
  4500 | D:5      | Reached skill level 4 in Stealth
  4596 | D:6      | Reached XP level 7. HP: 23/35 MP: 9/14
  4832 | D:6      | Reached skill level 5 in Stealth
  4944 | D:6      | Found an iron altar of Okawaru.
  4963 | D:6      | Became a worshipper of Warmaster Okawaru
  5037 | D:5      | Found a transporter.
  5038 | D:5      | Noticed a kobold demonologist
  5457 | D:4      | HP: 2/52 [poisoned by a scorpion]
  5458 | D:4      | Succumbed to a scorpion's poison

Illustrated notes

Levels and vault maps discovered:
D:1:      dpeg_arrival_concentric_ovals, layout_basic, serial_shops, shop, shop,
          shop, nicolae_shop_behind_doors, nicolae_square_shop, serial_aquarium,
          aquarium_bridge_square [aquarium_subvault_window,
          aquarium_subvault_window, aquarium_subvault_wall,
          aquarium_subvault_bridge], aquarium_bridge_long_joined
          [aquarium_subvault_wall, aquarium_subvault_bridge,
          aquarium_subvault_wall, aquarium_subvault_bridge,
          aquarium_subvault_wall, aquarium_subvault_window],
          aquarium_window_fake, aquarium_window_2, aquarium_window_fake,
          aquarium_view_2g, aquarium_pool_corner, minivault_24
D:2:      layout_basic, basic_altar, corexii_corridor_pit
D:3:      layout_loops_corners, grunt_decor_mini_mirrors, minivault_5,
          kennysheep_decorative_pillar
D:4:      layout_basic, grunt_decor_resistance
D:5:      gammafunk_wand_slinger, layout_basic
D:6:      layout_basic, okawaru_metal_pillars_3, nicolae_overflows_in_rows,
          minmay_temple_entry_nine_rooms

Skill      XL: |  1  2  3  4  5  6  7 |
---------------+----------------------+-----
Fighting       | 2 |  2.0
Stealth        | 1 2 3 4 5 |  5.6
Short Blades   | 2 3 4 |  4.4
Dodging        | 2 |  2.0
Spellcasting   | 3 4 |  4.0
Translocations | 4 |  4.0
Throwing       | |  0.8
Armour         | |  0.7

Action                     |  1- 3 |  4- 6 |  7- 9 || total
---------------------------+-------+-------+-------++-------
  Melee: Short sword       |   108 |   318 |   142 ||   568
         Bite              |    26 |    83 |    57 ||   166
  Throw: Dart              |       |     3 |       ||     3
    Use: Scroll            |       |     3 |     2 ||     5
         Potion            |       |       |     2 ||     2
   Stab: Sleeping          |     3 |    11 |     2 ||    16
         Distracted        |       |     1 |       ||     1
 Armour: Leather armour    |    67 |   165 |    69 ||   301
  Dodge: Dodged            |    60 |   112 |    49 ||   221

Table legend: (Time is in decaauts)
 A = Elapsed time spent in this place.
 B = Non-inter-level travel time spent in this place.
 C = Inter-level travel time spent in this place.
 D = Time resting spent in this place.
 E = Time spent auto-exploring this place.
 F = Levels seen in this place.
 G = Mean time per level.
                   A        B        C        D        E       F      G
               +--------+--------+--------+--------+--------+-----+--------+
         Total |   5379 |   5230 |    149 |    357 |   3194 |   6 |  896.5 |
       Dungeon |   5379 |   5230 |    149 |    357 |   3194 |   6 |  896.5 |
               +--------+--------+--------+--------+--------+-----+--------+

Top non-repeatable levels by time:
     D:3: 1165 daAuts
     D:1: 1110 daAuts
     D:5: 961 daAuts
     D:4: 887 daAuts
     D:2: 786 daAuts
     D:6: 468 daAuts
